 Dungeon Crawl Stone Soup version 0.28-b1-38-gff268fdeb9 (webtiles) character file.

Game seed: 18362394472283020934

49955 KamiKatze the Severer (level 14, -1/186 HPs)
             Began as a Minotaur Berserker on Feb 2, 2022.
             Was a High Priest of Trog.
             Slain by a meliai (6 damage)
             ... on level 5 of the Lair of Beasts.
             The game lasted 01:16:36 (18887 turns).

KamiKatze the Severer (Minotaur Berserker)         Turns: 18887, Time: 01:16:37

Health: -1/186     AC: 19    Str: 34    XL:     14   Next: 17%
Magic:  4/4        EV: 13    Int:  4    God:    Trog [*****.]
Gold:   1262       SH:  0    Dex:  9    Spells: 13/13 levels left

rFire   + . .      SeeInvis .   a - +6 battleaxe (antimagic)
rCold   . . .      Faith    .   (shield currently unavailable)
rNeg    . . .      Spirit   .   k - +0 scale mail {rF+}
rPois   +          Reflect  .   (helmet restricted)
rElec   .          Harm     .   L - +2 cloak {rPois}
rCorr   .          Rampage  .   e - +0 pair of gloves
Will    +++..                   N - +0 pair of boots
Stlth   ..........              (no amulet)
HPRegen 1.41/turn               H - +4 ring of protection
MPRegen 0.09/turn               y - +6 ring of strength

@: berserking, lethally poisoned (-1 -> -2), strong-willed, regenerating, very
quick
A: horns 2, retaliatory headbutt
a: Renounce Religion, Berserk, Trog's Hand, Brothers in Arms


You were on level 5 of the Lair of Beasts.
You worshipped Trog.
Trog was extremely pleased with you.
You visited 3 branches of the dungeon, and saw 18 of its levels.
You also visited: Sewer and Ice Cave.

You collected 1262 gold pieces.

Inventory:

Hand Weapons
 a - a +6 antimagic battleaxe (weapon)
 b - a +4 battleaxe
 w - a +2 executioner's axe of flaming
 W - the +2 flail "Nil Feu" {vorpal, Fly rC- Will+ Int+8}
   (You found it on level 9 of the Dungeon)

   It inflicts extra damage upon your enemies.
   Int:       It affects your intelligence (+8).
   rC:        It makes you vulnerable to cold.
   Fly:       It grants you flight.
   Will:      It increases your willpower.
Missiles
 j - 125 stones
 s - 20 poisoned darts (quivered)
 B - 2 throwing nets
 P - 5 curare-tipped darts
Armour
 e - a +0 pair of gloves (worn)
 k - a +0 scale mail of fire resistance (worn)
 r - a +0 plate armour
 L - a +2 cloak of poison resistance (worn)
 N - a +0 pair of boots (worn)
Jewellery
 n - a ring of poison resistance
 v - a +6 ring of intelligence
 y - a +6 ring of strength (right hand)
 C - a ring of ice
 G - a ring of willpower
 H - a +4 ring of protection (left hand)
Wands
 d - a wand of digging (4)
 i - a wand of flame (35)
 q - a wand of mindburst (9)
 t - a wand of charming (13)
 J - a wand of iceblast (14)
 Q - a wand of polymorph (4)
 S - a wand of acid (13)
 U - a wand of paralysis (11)
Scrolls
 h - a scroll of fog
 u - a scroll of summoning
 z - a scroll of magic mapping
 A - 2 scrolls of vulnerability {unknown}
 I - 2 scrolls of amnesia {unknown}
 K - 2 scrolls of enchant armour {unknown}
 M - 7 scrolls of teleportation
 O - a scroll of immolation
 R - a scroll of holy word
Potions
 c - 5 potions of flight
 f - 5 potions of haste
 g - 8 potions of heal wounds
 l - a potion of resistance
 m - 2 potions of cancellation
 o - 2 potions of lignification
 p - 3 potions of magic
 x - a potion of degeneration {unknown}
 D - a potion of invisibility
 E - a potion of mutation
 F - 2 potions of might {unknown}
 V - 3 potions of attraction
 Z - 3 potions of curing
Miscellaneous
 T - a phantom mirror
 X - a box of beasts


   Skills:
 + Level 11.3 Fighting
 * Level 20.8 Axes
 + Level 11.0 Armour
 + Level 10.2 Dodging
 + Level 8.0 Evocations


You had 13 spell levels left.
You didn't know any spells.
Your spell library was empty.

Dungeon Overview and Level Annotations

Branches:
Dungeon (12/15)            Temple (1/1) D:7            Lair (5/6) D:10
 Shoals (0/4) Lair:3        Snake (0/4) Lair:3          Orc (0/2) D:9
  Sewer (visited)           IceCv (visited)
  Slime: Lair:5-6

Altars:
Ashenzari
Cheibriados
Dithmenos
Elyvilon
Fedhas
Gozag
Hepliaklqana
Kikubaaqudgha
Makhleb
Nemelex Xobeh
Okawaru
Qazlal
Ru
Sif Muna
Trog
Uskayaw
Vehumet
Wu Jian
Xom
Yredelemnul
Zin
The Shining One

Shops:
D:5 =

Annotations:
D:8 3 runed translucent doors, exclusion: 3 doors, altcumming's ghost, novice MiFi
D:11 1 runed translucent door, exclusion: door, nogo's ghost, journeyman GrFi
Lair:5 exclusion: oklob plant


Innate Abilities, Weirdness & Mutations

You have a pair of horns on your head.
You reflexively headbutt those who attack you in melee.


Message History

The killer bee stings you but does no damage.
The killer bee closely misses you. You furiously retaliate!
You headbutt the killer bee! The killer bee closely misses you.
You furiously retaliate!
You headbutt the killer bee. You miss the killer bee.
You completely miss the killer bee. You slice the killer bee!!
You kill the killer bee!
Trog accepts your kill.
You miss the killer bee. You hit the meliai but do no damage.
The killer bee stings you.
* * * LOW HITPOINT WARNING * * *
The meliai hits you with a +0 hand axe!
* * * LOW HITPOINT WARNING * * *
The meliai stings you but does no damage.
The killer bee barely misses you. The killer bee stings you!
* * * LOW HITPOINT WARNING * * *
You are poisoned.
The killer bee poisons you!
You slash the killer bee! Your headbutt misses the killer bee.
The killer bee is severely wounded.
You slash the meliai! You barely miss the killer bee.
You closely miss the killer bee.
You feel sick. The killer bee misses you. You furiously retaliate!
You headbutt the killer bee!!
You kill the killer bee!
Trog accepts your kill.
The meliai invokes the aid of its god against you.
Something smites you!
* * * LOW HITPOINT WARNING * * *
The killer bee completely misses you. You furiously retaliate!
You headbutt the killer bee. The killer bee closely misses you.
You carve the killer bee like a ham!!!
You kill the killer bee!
Trog accepts your kill.
You completely miss the meliai. You slash the killer bee!
You slice the killer bee!!
You kill the killer bee!
Trog accepts your kill.
You feel sick. The killer bee misses you.
The meliai hits you with a +0 hand axe.
You die...

##..#.#..#...)######..
#....#..#......# #.#
#(#.#.#.#.#...P# ###
##.....#..#....# #.
##..#.##.#.....## ##
#....#....#.....## #
###....##..#...#.#
#.............###
#...†@........#
#.≈.y.y.≈.P.≈.#
#.#≈≈≈≈≈≈≈≈≈≈≈≈≈
###≈≈≈≈≈≈≈≈≈≈≈≈≈≈
#≈≈≈≈≈≈≈≈≈≈##≈≈
#≈≈≈≈≈≈≈≈≈≈# ≈≈≈
#≈≈≈≈##≈≈≈≈≈≈≈P #≈≈≈≈#
≈≈≈≈≈≈ #≈≈≈≈≈ ≈≈≈≈≈≈


You could see a meliai and a killer bee.

Vanquished Creatures
  A reaper (IceCv)
  Harold (Lair:2)
  A centaur warrior (D:9)
  9 hydras
  2 boulder beetles
  A catoblepas (Lair:4)
  3 two-headed ogres
  Sonja (D:10)
  A swamp dragon (Lair:2)
  A lindwurm (Lair:3)
  A deep elf pyromancer (D:12)
  Joseph (D:7)
  5 black mambas
  2 ice statues (IceCv)
  An unseen horror (D:12)
  10 cane toads
  A kobold demonologist (D:12)
  2 anaconda simulacra (IceCv)
  An entropy weaver simulacrum (IceCv)
  6 ice devils
  5 rime drakes
  8 komodo dragons
  3 polar bears (Lair:4)
  2 meliai (Lair:5)
  2 trolls
  A hornet (D:9)
  3 slime creatures (D:9)
  14 blink frogs
  A dream sheep (Lair:5)
  A shadow (D:12)
  2 wraiths (D:9)
  45 yaks
  5 wyverns
  A steam dragon (D:9)
  Grum (D:8)
  11 vampire mosquitoes
  3 basilisks
  2 wargs (D:10)
  A death yak simulacrum (IceCv)
  Menkaure (D:7)
  4 nagas (Lair:3)
  A harpy simulacrum (IceCv)
  2 acid dragons
  13 water moccasins
  11 orc warriors
  An ice beast (D:7)
  Pargi (Sewer)
  A black bear (D:7)
  An ogre (D:6)
  3 necrophages
  12 wolves
  A phantom (D:5)
  12 centaurs
  2 kobold brigands
  19 bullfrogs
  2 two-headed ogre simulacra (IceCv)
  2 scorpions
  A water moccasin skeleton (D:5)
  21 killer bees
  7 wights
  2 elephant simulacra (IceCv)
  7 howler monkeys
  A bullfrog zombie (D:5)
  3 centaur zombies
  A bullfrog skeleton (D:7)
  3 hounds
  2 jellies (D:7)
  6 orc priests
  2 centaur skeletons
  Crazy Yiuf (D:7)
  Jessica (D:2)
  3 iguanas (D:6)
  Terence (D:2)
  10 orc wizards
  9 hell rats
  4 troll simulacra (IceCv)
  2 polar bear simulacra (IceCv)
  2 hound zombies (D:5)
  A hound skeleton (D:5)
  A howler monkey zombie (D:8)
  4 gnolls
  10 adders
  4 naga simulacra (IceCv)
  A shadow imp (D:5)
  2 white imps
  3 ufetubi
  An adder skeleton (D:4)
  3 worms
  A dart slug (D:2)
  64 orcs
  6 ball pythons
  11 bats
  6 endoplasms
  5 giant cockroaches
  5 goblins
  2 hobgoblins
  5 jackals
  4 quokkas
  A frilled lizard (D:1)
  15 kobolds
  11 rats
  A bush (Lair:3)
  A butterfly (Lair:4)
  4 toadstools (D:1)
512 creatures vanquished.

Vanquished Creatures (others)
  8 demonic plants (D:2)
  20 fungi
  68 plants
96 creatures vanquished.

Grand Total: 608 creatures vanquished

Notes
Turn   | Place    | Note
-------+----------+-------------------------------------------
     0 | D:1      | KamiKatze the Minotaur Berserker began the quest for the
                  | Orb.
     0 | D:1      | Reached XP level 1. HP: 19/19 MP: 0/0
   209 | D:1      | Reached XP level 2. HP: 23/27 MP: 1/1
   302 | D:1      | Reached skill level 4 in Axes
   826 | D:2      | Noticed Jessica
   832 | D:2      | Killed Jessica
   833 | D:2      | Reached XP level 3. HP: 31/33 MP: 2/2
   880 | D:2      | Reached XP level 4. HP: 37/40 MP: 3/3
   903 | D:2      | Reached ** piety under Trog
  1046 | D:2      | Found a faded altar of an unknown god.
  1099 | D:2      | Noticed Terence
  1131 | D:2      | Killed Terence
  1132 | D:2      | Reached skill level 5 in Axes
  1344 | D:2      | Reached XP level 5. HP: 45/47 MP: 4/4
  2195 | D:3      | Reached *** piety under Trog
  2745 | D:4      | Reached skill level 6 in Axes
  2909 | D:4      | Noticed a necrophage
  2919 | D:4      | Killed a necrophage
  2920 | D:4      | Reached XP level 6. HP: 49/53 MP: 5/5
  3035 | D:4      | Reached skill level 7 in Axes
  3115 | D:5      | Entered Level 5 of the Dungeon
  3186 | D:5      | Found a glowing drain.
  3201 | Sewer    | Entered a sewer
  3223 | Sewer    | Noticed Pargi
  3228 | Sewer    | Killed Pargi
  3416 | D:5      | Reached skill level 8 in Axes
  3416 | D:5      | Reached XP level 7. HP: 47/60 MP: 6/6
  3667 | D:5      | Found an opulent altar of Gozag.
  3826 | D:5      | Reached skill level 9 in Axes
  3961 | D:5      | Reached **** piety under Trog
  3984 | D:5      | Found Leychor's Jewellery Emporium.
  4028 | D:5      | Reached skill level 10 in Axes
  4205 | D:6      | Reached XP level 8. HP: 57/67 MP: 7/7
  4301 | D:6      | Reached skill level 11 in Axes
  4640 | D:6      | Reached skill level 12 in Axes
  4852 | D:6      | Reached skill level 1 in Evocations
  4933 | D:6      | Upgraded the game from 0.28-b1-25-g9875b3fc8c to
                  | 0.28-b1-38-gff268fdeb9
  5064 | D:7      | Reached skill level 5 in Fighting
  5106 | D:7      | Found a broken altar of Ashenzari.
  5138 | D:7      | Found a runed translucent door.
  5138 | D:7      | Noticed Crazy Yiuf
  5146 | D:7      | Killed Crazy Yiuf
  5246 | D:7      | Noticed Menkaure
  5252 | D:7      | Killed Menkaure
  5313 | D:7      | Found a staircase to the Ecumenical Temple.
  5328 | Temple   | Entered the Ecumenical Temple
  5529 | D:7      | Reached XP level 9. HP: 73/74 MP: 8/8
  5543 | D:7      | Noticed Joseph
  5555 | D:7      | Killed Joseph
  5999 | D:8      | Reached skill level 5 in Armour
  6006 | D:8      | Found a runed translucent gate.
  6006 | D:8      | Noticed a nine-headed hydra
  6007 | D:8      | Found a runed translucent gate.
  6007 | D:8      | Noticed altcumming's ghost (novice MiFi)
  6008 | D:8      | Found a runed translucent gate.
  6144 | D:8      | Reached skill level 13 in Axes
  6145 | D:8      | Identified the +0 helmet "Cibb" {rN++ Int+2}
  6188 | D:8      | Reached skill level 5 in Dodging
  6214 | D:8      | Noticed Grum
  6230 | D:8      | Killed Grum
  6769 | D:9      | Reached ***** piety under Trog
  6806 | D:9      | Noticed a centaur warrior
  6825 | D:9      | Reached XP level 10. HP: 55/84 MP: 9/9
  7050 | D:9      | Killed a centaur warrior
  7156 | D:9      | Paralysed by an orc warrior for 5 turns
  7184 | D:9      | Identified the +2 flail "Nil Feu" {vorpal, Fly rC- Will+
                  | Int+8}
  7192 | D:9      | Identified the +2 scale mail of the Frog {Fly Int+4 Stlth+}
  7237 | D:9      | Reached skill level 14 in Axes
  7706 | D:9      | Found a staircase to the Orcish Mines.
  8025 | D:10     | Entered Level 10 of the Dungeon
  8075 | D:10     | Received a gift from Trog
  8425 | D:10     | Reached skill level 15 in Axes
  8430 | D:10     | Reached XP level 11. HP: 65/94 MP: 10/10
  8470 | D:10     | Noticed Sonja
  8478 | D:10     | Killed Sonja
  8695 | D:10     | Found a staircase to the Lair.
  9441 | D:11     | Reached skill level 16 in Axes
  9496 | D:11     | Noticed a five-headed hydra
  9505 | D:11     | Killed a two-headed hydra
  9522 | D:11     | Noticed a two-headed ogre
  9545 | D:11     | Killed a two-headed ogre
  9790 | D:11     | Found a runed translucent door.
  9790 | D:11     | Noticed nogo's ghost (journeyman GrFi)
  9808 | D:11     | You fall into a shaft and drop 1 floor!
  9833 | D:12     | Reached skill level 17 in Axes
  9989 | D:12     | Noticed a two-headed ogre
  9999 | D:12     | Killed a two-headed ogre
 10118 | D:12     | Noticed a deep elf pyromancer
 10128 | D:12     | Killed a deep elf pyromancer
 10131 | D:12     | Reached skill level 18 in Axes
 10220 | D:12     | Noticed a two-headed ogre
 10241 | D:12     | Found a frozen archway.
 10249 | D:12     | Reached skill level 5 in Evocations
 10311 | IceCv    | Entered an ice cave
 11098 | IceCv    | Reached XP level 12. HP: 28/103 MP: 11/11
 12012 | IceCv    | Noticed a reaper
 12021 | IceCv    | Killed a reaper
 12374 | D:12     | Killed a two-headed ogre
 12824 | D:12     | Noticed a seven-headed hydra
 12835 | D:12     | Killed a five-headed hydra
 12977 | D:11     | Noticed a boulder beetle
 12985 | D:11     | Killed a boulder beetle
 13074 | D:11     | Noticed a five-headed hydra
 13079 | D:11     | Killed a three-headed hydra
 13215 | Lair:1   | Entered Level 1 of the Lair of Beasts
 13250 | Lair:1   | Noticed a four-headed hydra
 13258 | Lair:1   | Killed a one-headed hydra
 13259 | Lair:1   | Reached skill level 19 in Axes
 13412 | Lair:1   | Received a gift from Trog
 13484 | Lair:1   | Noticed a six-headed hydra
 13496 | Lair:1   | Killed a four-headed hydra
 13658 | Lair:1   | Noticed a seven-headed hydra
 13707 | Lair:1   | Killed a five-headed hydra
 14027 | Lair:1   | Reached XP level 13. HP: 109/113 MP: 4/12
 14514 | Lair:2   | Noticed Harold
 14528 | Lair:2   | Killed Harold
 14607 | Lair:2   | Reached skill level 10 in Fighting
 15480 | Lair:3   | Found a staircase to the Shoals.
 15648 | Lair:3   | Reached skill level 10 in Armour
 15693 | Lair:3   | Found a staircase to the Snake Pit.
 15704 | Lair:3   | Reached skill level 20 in Axes
 15796 | Lair:3   | Received a gift from Trog
 18191 | Lair:4   | Reached skill level 10 in Dodging
 18191 | Lair:4   | Reached XP level 14. HP: 60/124 MP: 6/13
 18342 | Lair:5   | Received a gift from Trog
 18886 | Lair:5   | HP: 5/186 [meliai/divine providence (14)]
 18887 | Lair:5   | Slain by a meliai

Illustrated notes

Levels and vault maps discovered:
D:1:      ldierk_walled_garden_2, layout_loops_ring
D:2:      layout_basic, shapermc_ecumenical_altar_gd, uniq_terence, uniq_jessica
D:3:      layout_loops_ring, chequers_serial_rivers_small_3
D:4:      layout_rooms
D:5:      layout_basic, mainiacjoe_overflow_alcove_4, serial_shops,
          nicolae_shop_behind_doors, cheibrodos_sewer_entry_sluice
D:6:      layout_loops_ring, nrook_loot_triangle
D:7:      layout_loops_ring, nicolae_ashenzari_skybound,
          minmay_temple_entry_glass, uniq_crazy_yiuf_cottage, uniq_joseph,
          uniq_menkaure
D:8:      layout_loops_ring, gammafunk_ghost_hydra_chop, uniq_grum
D:9:      minmay_razor_zed, layout_basic, hiddenorc1_lemuel,
          minmay_mirror_moons_of_madness
D:10:     layout_basic, erik_lair_orcish_takeover, uniq_sonja
D:11:     layout_roguey, hellmonk_ghost_big_iron
D:12:     layout_basic, portal_ice_cave_demonic_guard
Temple:   regret_index_temple_chain_breaker
Lair:1:   layout_regular_city, grunt_megastairs_4, lemuel_fruit_fields,
          infiniplex_staircase_pool
Lair:2:   layout_gridlike, hibernation_bobbens, uniq_harold
Lair:3:   nzn_winding_woodlands_medium [nzn_winding_woodlands_5x5_checkerboard,
          nzn_winding_woodlands_5x15_zeroes, nzn_winding_woodlands_hourglass,
          nzn_winding_woodlands_5x5_three,
          nzn_winding_woodlands_center_pierced_h,
          nzn_winding_woodlands_5x5_closed_star,
          nzn_winding_woodlands_5x5_cross, nzn_winding_woodlands_5x15_default,
          nzn_winding_woodlands_5x5_perimeter], layout_cellular_growth,
          minmay_shoals_entry_centaurs, minmay_snake_entry_guardpost_small,
          chequers_serial_rivers_micro_c
Lair:4:   layout_layer_cave, lemuel_fruit_fields, lemuel_fruit_tree,
          grunt_megastairs_3
Lair:5:   regret_index_harrowing_hell_hive, layout_gridlike, fungi_pond_lemuel,
          st_stairs_5, beast_lair_carwin_2

Skill      XL: |  1  2  3  4  5  6  7  8  9 10 11 12 13 14 |
---------------+-------------------------------------------+-----
Axes           | 4 5 6 8 10 12 13 15 18 19 20 | 20.8
Fighting       | 4 5 6 8 9 11 | 11.3
Armour         | 3 4 5 7 9 10 11 | 11.0
Dodging        | 3 4 5 6 7 8 10 | 10.2
Evocations     | 2 3 4 5 6 7 8 |  8.0

Action                   |  1- 3 |  4- 6 |  7- 9 | 10-12 | 13-15 || total
-------------------------+-------+-------+-------+-------+-------++-------
Melee: Hand axe          |    51 |   174 |   118 |       |       ||   343
       Headbutt          |     9 |    22 |    39 |   103 |    54 ||   227
       Punch             |       |     1 |     5 |     5 |       ||    11
       War axe           |       |       |    65 |       |       ||    65
       Broad axe         |       |       |    73 |   252 |       ||   325
       Battleaxe         |       |       |       |   296 |   318 ||   614
       Executioner's axe |       |       |       |    27 |    22 ||    49
       Flail             |       |       |       |       |     1 ||     1
Throw: Stone             |       |    10 |       |       |       ||    10
       Dart              |       |       |     4 |     1 |     5 ||    10
Invok: Berserk           |       |     4 |     7 |     7 |     2 ||    20
       Trog's Hand       |       |       |       |     3 |     2 ||     5
Evoke: Wand              |       |       |       |     1 |       ||     1
  Use: Scroll            |       |     9 |     4 |     3 |     7 ||    23
       Potion            |       |       |     1 |       |       ||     1
 Stab: Sleeping          |     1 |     1 |       |       |       ||     2
       Paralysed         |       |       |       |     1 |       ||     1
Armor: Animal skin       |    15 |     8 |       |       |       ||    23
       Scale mail        |       |    71 |    89 |   293 |   150 ||   603
Dodge: Dodged            |    33 |    83 |   134 |   329 |   201 ||   780
